 Dungeon Crawl Stone Soup version 0.16-a0-357-g0c033bd (webtiles) character file.

33644 PolkaDot the Convoker (level 13, -3/79 HPs)
             Began as a Vampire Summoner on Sept 10, 2014.
             Was the Champion of Sif Muna.
             Slain by a crocodile (17 damage)
             ... on Level 8 of the Lair of Beasts.
             The game lasted 01:46:58 (23293 turns).

PolkaDot the Convoker (Vampire Summoner)           Turns: 23293, Time: 01:46:59

HP  -3/79        AC 14     Str  7      XL: 13   Next: 37%
MP  20/20        EV 10     Int 31      God: Sif Muna [******]
Gold 534         SH  0     Dex 14      Spells:  3 memorised,  4 levels left

rFire  + . .     SeeInvis +     L - +2 bardiche (protect)
rCold  + . .     Clarity  .     w - +3 leather armour {rPois}
rNeg   . . .     rCorr    +     (no shield)
rPois  +         rRot     .     j - +0 helmet of Qoshuybe {+Blink rElec rC+ Int+4 SInv}
rElec  +         Spirit   .     r - +0 cloak
SustAb .         Warding  .     i - +0 pair of gloves
rMut   .         Stasis   .     (no boots)
Gourm  .                        q - amulet of resist corrosion
MR     +....                    G - ring of protection from fire
                                p - +6 ring of intelligence

@: regenerating very quickly, somewhat resistant to hostile enchantments,
unstealthy
A: bottle blood, fangs 3, thin metallic scales 1, see invisible, deformed body,
unbreathing
a: Bottle Blood, Channel Energy, Forget Spell, Renounce Religion, Evoke Blink


You were on level 8 of the Lair of Beasts.
You worshipped Sif Muna.
Sif Muna was exalted by your worship.
You were almost alive.

You visited 3 branches of the dungeon, and saw 19 of its levels.

You collected 866 gold pieces.
You spent 332 gold pieces at shops.

Inventory:

Hand weapons
 n - the +6 war axe of Qazlal {freeze, Contam +Fly Dex+3}
   (You found it on level 7 of the Lair of Beasts)

   It has been specially enchanted to freeze those struck by it, causing extra
   injury to most foes and up to double damage against particularly susceptible
   opponents.
   It can also slow down cold-blooded creatures.
   It affects your dexterity (+3).
   It lets you fly.
   It causes magical contamination when unequipped.
 L - a +2 bardiche of protection (weapon)
Armour
 i - a +0 pair of gloves (worn)
 j - the +0 helmet of Qoshuybe (worn) {+Blink rElec rC+ Int+4 SInv}
   (You bought it in a shop on level 8 of the Dungeon)

   It affects your intelligence (+4).
   It protects you from cold.
   It insulates you from electricity.
   It enhances your eyesight.
   It lets you blink.
 r - a +0 cloak (worn)
 w - a +3 leather armour of poison resistance (worn)
Magical devices
 a - a wand of hasting (5) {unknown}
 d - a wand of fire (1)
 f - a wand of cold (11)
 h - a wand of cold (4)
 s - a wand of draining (4)
 D - a wand of digging (11)
 K - a wand of paralysis (13)
 M - a wand of paralysis (9)
 N - a wand of paralysis (13)
 O - a wand of hasting (3) {unknown}
 P - a wand of magic darts (11) {unknown}
 S - a wand of fire (9)
Scrolls
 k - 3 scrolls of remove curse
 m - 3 scrolls of enchant weapon
 y - a scroll of recharging
 z - a scroll of immolation
 A - a scroll of fog
 C - 4 scrolls of magic mapping
 F - a scroll of holy word
 H - a scroll of silence {unknown}
 I - a scroll of brand weapon
 R - a scroll of acquirement {unknown}
Jewellery
 p - a +6 ring of intelligence (left hand)
 q - an amulet of resist corrosion (around neck)
 G - a ring of protection from fire (right hand)
Potions
 c - 4 potions of magic
 g - 4 potions of restore abilities
 l - 6 potions of brilliance
 o - a potion of might
 t - a potion of invisibility
 u - 3 potions of haste
 x - 22 potions of blood {@*1}
 B - a potion of flight
 E - 2 potions of berserk rage
 J - a potion of resistance
 T - a potion of confusion {unknown}
 U - 2 potions of degeneration {unknown}
Books
 b - a book of Callings

   Spells                             Type                      Level
   Summon Small Mammal                Summoning                    1
   Call Imp                           Summoning                    2
   Call Canine Familiar               Summoning                    3
   Summon Guardian Golem              Hexes/Summoning              4
   Summon Lightning Spire             Summoning/Air                4
   *Summon Ice Beast                  Ice/Summoning                4
 e - a book of Wizardry

   Spells                             Type                      Level
   Agony                              Necromancy                   5
   Force Lance                        Conjuration                  5
   Dispersal                          Translocation                6
   Haste                              Charms                       6
   Invisibility                       Hexes                        6
   Spellforged Servitor               Conjuration/Summoning        7
 v - a book of Minor Magic

   Spells                             Type                      Level
   Magic Dart                         Conjuration                  1
   *Blink                             Translocation                2
   Call Imp                           Summoning                    2
   Repel Missiles                     Charms/Air                   2
   Slow                               Hexes                        2
   Conjure Flame                      Conjuration/Fire             3
   Mephitic Cloud                     Conjuration/Poison/Air       3
 Q - a book of Summonings {god gift}

   Spells                             Type                      Level
   Abjuration                         Summoning                    3
   Recall                             Summoning/Translocation      3
   Shadow Creatures                   Summoning                    5
   Summon Demon                       Summoning                    5
   Summon Forest                      Summoning/Translocation      5
   *Monstrous Menagerie               Summoning                    6


   Skills:
 - Level 2.1 Dodging
 - Level 3.0 Stealth
 - Level 2.0 Spellcasting
 + Level 17.2 Summonings
 - Level 1.2 Translocations
 - Level 10.0 Ice Magic
   Level 10.1 Air Magic
 - Level 4.0 Invocations


You had 4 spell levels left.
You knew the following spells:

 Your Spells              Type           Power        Failure   Level  Hunger
i - Summon Ice Beast      Ice/Summ       ######..     1%          4    ####...
m - Monstrous Menagerie   Summ           #######...   1%          6    #######
q - Blink                 Tloc           N/A          10%         2    ##.....


Dungeon Overview and Level Annotations

Branches:
Dungeon (10/15)            Temple (1/1) D:4            Lair (8/8) D:9
 Shoals (0/5) Lair:4       Spider (0/5) Lair:6        Slime (0/6) Lair:6
    Orc: D:9-12

Altars:
Ashenzari
Cheibriados
Dithmenos
Elyvilon
Fedhas
Gozag
Kikubaaqudgha
Makhleb
Nemelex Xobeh
Okawaru
Qazlal
Sif Muna
Trog
Vehumet
Xom
Yredelemnul
Zin
The Shining One
Jiyva

Shops:
D:8 [

Annotations:
Lair:8 exclusion: oklob plant


Innate Abilities, Weirdness & Mutations

Your natural rate of healing is extremely fast.
You can bottle blood from corpses.
You have razor-sharp teeth.
You have supernaturally acute eyesight.
You can survive without breathing.
You are partially covered in thin metallic scales (AC +2).
Armour fits poorly on your strangely shaped body.


Message History

The crocodile bites you.
* * * LOW HITPOINT WARNING * * *
The crocodile bites you!
* * * LOW HITPOINT WARNING * * *
You barely miss the crocodile. Your bite misses the crocodile.
The crocodile is almost dead.
The crocodile bites you but does no damage.
The crocodile bites you!
* * * LOW HITPOINT WARNING * * *
You closely miss the crocodile.
The crocodile is severely wounded.
The crocodile bites you!
* * * LOW HITPOINT WARNING * * *
The crocodile bites you!
* * * LOW HITPOINT WARNING * * *
You barely miss the crocodile.
The crocodile is severely wounded.
The crocodile bites you but does no damage.
The crocodile bites you!
You die...

##################..
...........#..P.....
#.........!........
##.................
#..................
##.....#...........
###...#.............
#.....####.P........
###.@..##
###........ .
#..t..#.# #.#......
...P#....P.##
#........
...PP....P.# ...P.P.
...PP....### .......
#..#.....# ........
# #....P. ........
#.......# ........
##....... .......


You could see a crocodile.

Vanquished Creatures
  2 death yaks
  A griffon (Lair:4)
  The ghost of Conn321 the Skirmisher, an experienced NaWr of Vehumet (D:6)
  An elephant (Lair:7)
  A blink frog (Lair:6)
  4 hippogriffs
  A yak (Lair:3)
  3 porcupines
  A water moccasin (Lair:2)
  A phantom (D:6)
  A black bear (D:8)
  3 ogres
  A crocodile (Lair:2)
  8 giant frogs
  A centaur (D:6)
  10 killer bees
  3 jellies (D:7)
  A hippogriff zombie (D:9)
  2 crimson imps
  3 hounds
  An orc wizard (D:6)
  2 iguanas
  2 worker ants
  3 sheep
  A hound zombie (D:9)
  9 green rats
  9 adders
  2 shadow imps
  2 worms
  An iguana zombie (D:5)
  3 giant geckos
  2 oozes (D:2)
  4 orcs
  6 bats
  3 giant cockroaches
  9 hobgoblins
  8 jackals
  17 kobolds
  7 quokkas
  7 giant newts
  6 goblins
  A hobgoblin zombie (D:8)
  A jackal skeleton (D:7)
  A kobold skeleton (D:5)
  8 rats
  A fungus (Lair:6)
165 creatures vanquished.

Vanquished Creatures (collateral kills)
  Rupert (Lair:6)
  Snorg (Lair:5)
  4 hydras
  13 death yaks
  A catoblepas (Lair:7)
  A lindwurm (Lair:5)
  The ghost of Afay the Cudgeler, an experienced FoAK of Lugonu (D:4)
  A griffon (Lair:4)
  5 black mambas
  15 spiny frogs
  4 elephants (Lair:7)
  8 komodo dragons
  3 fire drakes
  A two-headed ogre (D:9)
  A queen bee (Lair:7)
  9 polar bears
  15 blink frogs
  A basilisk (Lair:5)
  A spriggan (D:8)
  15 yaks
  9 hogs (Lair:8)
  A wyvern (D:8)
  4 hippogriffs
  Grum (D:8)
  A hungry ghost (D:9)
  5 wargs (Lair:8)
  Edmund (D:6)
  36 wolves
  10 water moccasins
  The ghost of Afay the Skirmisher, an average OgAK of Lugonu (D:3)
  4 hell hounds (Lair:8)
  5 porcupines
  3 phantoms
  8 black bears
  3 ice beasts
  4 sky beasts
  3 ogres
  2 centaurs (D:7)
  2 orc warriors
  A boring beetle (Lair:2)
  6 crocodiles
  6 giant frogs
  4 scorpions
  5 killer bees
  A yak skeleton (D:8)
  A goliath beetle (D:9)
  5 crimson imps
  10 wights (D:8)
  6 jellies
  19 hounds
  A black bear zombie (D:9)
  3 iguanas
  5 orc wizards
  2 orc priests
  4 worker ants
  30 sheep
  Terence (D:3)
  49 green rats
  3 gnolls (D:5)
  A shadow imp (D:7)
  18 adders
  10 orcs
  A ball python (D:5)
  A giant cockroach (D:8)
  5 hobgoblins
  8 jackals
  3 kobolds
  3 quokkas
  2 bats
  3 goblins
  An orc zombie (D:5)
  5 rats
  4 fungi (Lair:8)
  2 plants (Lair:8)
433 creatures vanquished.

Vanquished Creatures (others)
  41 ice beasts
  16 wargs
  3 wolves
  8 lightning spires
  4 hounds
  2 quokkas (D:1)
  10 fungi
  13 plants
97 creatures vanquished.

Grand Total: 695 creatures vanquished

Notes
Turn   | Place    | Note
--------------------------------------------------------------
     0 | D:1      | PolkaDot, the Vampire Summoner, began the quest for the Orb.
     0 | D:1      | Reached XP level 1. HP: 13/13 MP: 3/3
   647 | D:1      | Reached XP level 2. HP: 19/19 MP: 4/4
   651 | D:1      | Learned a level 2 spell: Call Imp
  1230 | D:1      | Reached skill level 5 in Summonings
  1266 | D:1      | Reached XP level 3. HP: 17/24 MP: 6/6
  1271 | D:1      | Learned a level 3 spell: Call Canine Familiar
  2071 | D:3      | Reached XP level 4. HP: 30/30 MP: 7/7
  2102 | D:3      | Noticed Afay's ghost (average OgAK)
  2113 | D:3      | Gained mutation: You occasionally shout uncontrollably at your foes. [potion of mutation]
  2113 | D:3      | Gained mutation: You are weak. (Str -2) [potion of mutation]
  2113 | D:3      | Gained mutation: You are partially covered in thin metallic scales (AC +2). [potion of mutation]
  2146 | D:3      | Killed Afay's ghost
  2146 | D:3      | Reached skill level 6 in Summonings
  2214 | D:3      | Noticed Terence
  2235 | D:3      | Killed Terence
  2235 | D:3      | Reached XP level 5. HP: 26/35 MP: 1/9
  2323 | D:3      | Found a shadowy altar of Dithmenos.
  2745 | D:4      | Noticed Afay's ghost (experienced FoAK)
  2747 | D:4      | Found a staircase to the Ecumenical Temple.
  2774 | Temple   | Entered the Ecumenical Temple
  2959 | D:4      | Killed Afay's ghost
  2959 | D:4      | Reached skill level 8 in Summonings
  2959 | D:4      | Reached XP level 6. HP: 15/41 MP: 0/10
  3101 | D:4      | Reached XP level 7. HP: 37/46 MP: 12/12
  3117 | D:5      | Entered Level 5 of the Dungeon
  3167 | D:5      | Learned a level 4 spell: Summon Ice Beast
  3374 | D:5      | Reached skill level 9 in Summonings
  4275 | D:6      | Noticed Conn321's ghost (experienced NaWr)
  4279 | D:6      | Killed Conn321's ghost
  4279 | D:6      | Reached skill level 10 in Summonings
  4279 | D:6      | Reached XP level 8. HP: 41/52 MP: 4/13
  4414 | D:6      | Noticed Edmund
  4437 | D:6      | Killed Edmund
  4716 | D:6      | Reached skill level 11 in Summonings
  5774 | D:6      | Reached skill level 12 in Summonings
  6147 | D:7      | Reached XP level 9. HP: 57/57 MP: 5/14
  6393 | D:7      | Found a shimmering altar of Xom.
  6452 | D:7      | Found a deep blue altar of Sif Muna.
  6725 | D:8      | Found Oreev's Antique Armour Emporium.
  7113 | D:8      | Found a radiant altar of Vehumet.
  7113 | D:8      | Found a glowing silver altar of Zin.
  7113 | D:8      | Found an opulent altar of Gozag.
  7217 | D:8      | Reached skill level 13 in Summonings
  7796 | D:7      | Became a worshipper of Sif Muna the Loreminder
  8524 | D:4      | Noticed an ogre
  8530 | D:4      | Killed an ogre
  8530 | D:4      | Reached skill level 1 in Ice Magic
 10198 | D:8      | Noticed Grum
 10207 | D:8      | Acquired Sif Muna's first power
 10209 | D:8      | Acquired Sif Muna's second power
 10209 | D:8      | Reached skill level 16 in Summonings
 10209 | D:8      | Reached XP level 10. HP: 25/63 MP: 2/16
 10210 | D:8      | Killed Grum
 10452 | D:8      | Reached skill level 5 in Ice Magic
 10462 | D:8      | Learned a level 2 spell: Blink
 10480 | D:8      | Reached XP level 11. HP: 68/68 MP: 17/17
 10530 | D:9      | Acquired Sif Muna's third power
 11034 | D:9      | Found a staircase to the Lair.
 11318 | D:10     | Entered Level 10 of the Dungeon
 11368 | Lair:1   | Entered Level 1 of the Lair of Beasts
 11986 | Lair:1   | Noticed a four-headed hydra
 12005 | Lair:1   | Killed a four-headed hydra
 12453 | Lair:2   | Reached skill level 1 in Invocations
 13908 | D:8      | Bought an ichor-stained helmet for 332 gold pieces
 13914 | D:8      | Identified the +0 helmet of Qoshuybe {+Blink rElec rC+ Int+4 SInv} (You bought it in a shop on level 8 of the Dungeon)
 16593 | Lair:4   | Found a staircase to the Shoals.
 16797 | Lair:4   | Reached skill level 1 in Translocations
 16987 | Lair:4   | Reached skill level 10 in Ice Magic
 17136 | Lair:4   | Reached XP level 12. HP: 45/74 MP: 19/19
 17143 | Lair:4   | Learned a level 4 spell: Summon Lightning Spire
 17433 | Lair:5   | Noticed a seven-headed hydra
 17435 | Lair:5   | Reached skill level 1 in Air Magic
 17438 | Lair:5   | Killed a seven-headed hydra
 17755 | Lair:5   | Noticed Snorg
 17766 | Lair:5   | Killed Snorg
 18164 | Lair:5   | Reached skill level 5 in Air Magic
 18557 | Lair:5   | Noticed an eight-headed hydra
 18565 | Lair:5   | Killed an eight-headed hydra
 18568 | Lair:5   | Lost mutation: You are weak. (Str -2) [potion of cure mutation]
 18568 | Lair:5   | Lost mutation: You occasionally shout uncontrollably at your foes. [potion of cure mutation]
 18727 | Lair:6   | Found a hole to the Spider Nest.
 18747 | Lair:6   | Found a viscous altar of Jiyva.
 18747 | Lair:6   | Found a staircase to the Slime Pits.
 18879 | Lair:6   | Noticed Rupert
 18900 | Lair:6   | Killed Rupert
 18933 | Lair:6   | Received a gift from Sif Muna
 18934 | Lair:6   | Identified Sif Muna's Collected Works on the Damaging Glacier {god gift} (Sif Muna gifted it to you on level 6 of the Lair of Beasts)
 20665 | Lair:7   | Got a pitted war axe
 20666 | Lair:7   | Identified the +6 war axe of Qazlal {freeze, Contam +Fly Dex+3} (You found it on level 7 of the Lair of Beasts)
 20701 | Lair:7   | Gained mutation: Armour fits poorly on your strangely shaped body. [mutagenic glow]
 21263 | Lair:7   | Reached XP level 13. HP: 79/79 MP: 5/20
 21409 | Lair:7   | Noticed a four-headed hydra
 21418 | Lair:7   | Killed a four-headed hydra
 21698 | Lair:8   | Entered Level 8 of the Lair of Beasts
 22153 | Lair:8   | Reached skill level 17 in Summonings
 22287 | Lair:8   | Received a gift from Sif Muna
 22453 | Lair:8   | Reached skill level 10 in Air Magic
 23002 | Lair:8   | Learned a level 6 spell: Monstrous Menagerie
 23293 | Lair:8   | Slain by a crocodile

Action                   |  1- 3 |  4- 6 |  7- 9 | 10-12 | 13-15 || total
-------------------------+-------+-------+-------+-------+-------++-------
Melee: Dagger            |   129 |       |       |       |       ||   129
       Unarmed           |    14 |       |       |       |       ||    14
       Spear             |    27 |    94 |   479 |   217 |       ||   817
       Bardiche          |       |       |       |   358 |    86 ||   444
 Cast: Summon Small Mamm |     3 |       |       |       |       ||     3
       Call Imp          |     3 |     7 |     1 |     3 |       ||    14
       Call Canine Famil |     3 |     5 |    34 |    43 |    13 ||    98
       Summon Ice Beast  |       |       |    44 |   197 |    67 ||   308
       Summon Lightning  |       |       |       |    15 |     9 ||    24
       Blink             |       |       |       |     2 |       ||     2
       Monstrous Menager |       |       |       |       |     4 ||     4
Invok: Channel Energy    |       |       |       |   251 |   163 ||   414
       Forget Spell      |       |       |       |     2 |       ||     2
 Abil: Bottle Blood      |       |       |       |    21 |    46 ||    67
Evoke: Wand              |       |     4 |    10 |    10 |       ||    24
  Use: Potion            |     1 |     3 |     5 |    37 |    51 ||    97
       Scroll            |       |     7 |     1 |    19 |     4 ||    31
 Stab: Sleeping          |     9 |     1 |     4 |    11 |     1 ||    26
       Distracted        |     2 |     1 |     4 |     4 |     2 ||    13
       Invisible         |       |       |       |     6 |       ||     6
       Paralysed         |       |       |       |     2 |       ||     2
  Eat: Corpse            |    11 |     5 |    33 |   101 |     4 ||   154
